AoeStats
← HR Pinkman

Arabia

510216785Analyzed
1v1 RM · 1d ago on Sep 30, 2026· 30m 14s· 2 players
Game mode
Random Map
Map size
Tiny (2 player)
Population
200
Speed
Normal
Resources
Standard
Victory
Conquest
Starting age
Dark Age
Ending age
Imperial Age
RankedLock teamsTeams togetherTeam positionsShared explorationLock speedFull tech treeHidden civsTurbo modeCheats
Victory
Defeat
🇦🇷 Inca · Argentina
2250
+13
🇨🇱 Mongols · Chile
2191
-13
HR Pinkman
5:43 Loom
7:54 Feudal Age
9:07 Double-Bit Axe
15:20 Fletching
16:53 Forging
20:37 Castle Age
18:35 Horse Collar
19:04 Gold Mining
19:37 Bloodlines
21:14 Bodkin Arrow
21:21 Husbandry
20:45 Crossbowman
23:18 Thumb Ring
29:09 Wheelbarrow
28:40 Scale Barding Armor
the best BO's
8:34 Loom
10:59 Feudal Age
11:09 Champi Runner
11:39 Double-Bit Axe
15:09 Arson
21:03 Castle Age
19:09 Horse Collar
21:32 Scale Mail Armor
21:10 Champi Warrior
22:23 Squires
22:44 Chain Mail Armor
22:51 Squires
Connection lost

Rejoining the realm…

Still unreachable

The connection could not be restored.

Session expired

The server has moved on; the page needs a fresh start.